 Dungeon Crawl Stone Soup version 0.22-a0-136-g83a10e5 (webtiles) character file.

7113 varam the Grappler (level 10, -1/98 HPs)
             Began as a Troll Monk on Feb 3, 2018.
             Was an Elder of Cheibriados.
             Slain by a centaur warrior (3 damage)
             ... on level 10 of the Dungeon.
             The game lasted 00:19:28 (8064 turns).

varam the Grappler (Troll Monk)                     Turns: 8064, Time: 00:19:29

Health: -1/98      AC:  5    Str: 30    XL:     10   Next: 85%
Magic:  13/13      EV: 16    Int: 17    God:    Cheibriados [****..]
Gold:   669        SH: 12    Dex: 22    Spells: 9/9 levels left

rFire    . . .     SeeInvis +     - Unarmed
rCold    . . .     Gourm    +   F - +0 shield
rNeg     . . .     Faith    .   a - +0 robe
rPois    .         Spirit   .   (helmet restricted)
rElec    .         Reflect  .   (no cloak)
rCorr    .         Harm     .   (gloves unavailable)
MR       .....                  (boots unavailable)
Stlth    ++........             n - amulet of magic regeneration
HPRegen  0.66/turn              x - +3 ring of evasion
MPRegen  0.38/turn              i - ring of see invisible

@: very slow
A: large, unfitting armour, claws 3, fast metabolism 3, gourmand, regeneration
1, shaggy fur 1, tough skin 2
a: Bend Time, Temporal Distortion, Slouch, Renounce Religion


You were on level 10 of the Dungeon.
You worshipped Cheibriados.
Cheibriados was greatly pleased with you.
You were very full.

You visited 3 branches of the dungeon, and saw 12 of its levels.

You collected 669 gold pieces.

Inventory:

Missiles
 f - 3 throwing nets
 I - 6 steel tomahawks (quivered)
 S - 3 tomahawks
Armour
 a - a +0 robe (worn)
 F - a +0 shield (worn)
Jewellery
 i - a ring of see invisible (right claw)
 n - an amulet of magic regeneration (around neck)
 o - an uncursed ring of protection from cold
 u - an uncursed ring of magical power
 x - a +3 ring of evasion (left claw)
 C - a +3 ring of intelligence
 K - an uncursed ring of ice {unknown}
 P - an uncursed ring of stealth
 V - an uncursed amulet of faith
Wands
 j - a wand of polymorph (7)
 k - a wand of iceblast (17)
 y - a wand of disintegration (20)
 E - a wand of paralysis (15)
 J - a wand of digging (15)
Scrolls
 d - 3 scrolls of random uselessness
 e - 3 scrolls of remove curse
 g - a scroll of amnesia {unknown}
 h - a scroll of magic mapping {unknown}
 p - a scroll of immolation {unknown}
 r - a scroll of noise {unknown}
 z - a scroll of enchant armour
 B - a scroll of fog {unknown}
 G - 3 scrolls of enchant weapon
 L - a scroll of holy word {unknown}
 Q - a scroll of fear {unknown}
 U - a scroll of teleportation {unknown}
Potions
 c - 3 potions of curing
 l - 2 potions of lignification {unknown}
 m - 4 potions of brilliance
 q - 2 potions of resistance {unknown}
 s - a potion of flight {unknown}
 v - 3 potions of agility
 w - a potion of might {unknown}
 M - 2 potions of experience {unknown}
 O - a potion of degeneration {unknown}
 R - a potion of ambrosia {unknown}
Books
 t - a book of Cantrips

   Spells                             Type                      Level
   a - Confusing Touch                Hexes                        1
   b - Animate Skeleton               Necromancy                   1
   c - Summon Small Mammal            Summoning                    1
   d - Apportation                    Translocation                1
 D - a book of Clouds

   Spells                             Type                      Level
   a - Poisonous Vapours              Poison/Air                   2
   b - Mephitic Cloud                 Conjuration/Poison/Air       3
   c - Conjure Flame                  Conjuration/Fire             3
   d - Freezing Cloud                 Conjuration/Ice/Air          6
   e - Ring of Flames                 Charms/Fire                  7
 H - a book of Flames

   Spells                             Type                      Level
   a - Flame Tongue                   Conjuration/Fire             1
   b - Throw Flame                    Conjuration/Fire             2
   c - Conjure Flame                  Conjuration/Fire             3
   d - Inner Flame                    Hexes/Fire                   3
   e - Sticky Flame                   Conjuration/Fire             4
   f - Fireball                       Conjuration/Fire             5
 N - a Young Poisoner's Handbook

   Spells                             Type                      Level
   a - Sting                          Conjuration/Poison           1
   b - Poisonous Vapours              Poison/Air                   2
   c - Mephitic Cloud                 Conjuration/Poison/Air       3
   d - Olgreb's Toxic Radiance        Poison                       4
   e - Venom Bolt                     Conjuration/Poison           5
Comestibles
 b - 16 rations
 T - a chunk of flesh


   Skills:
 + Level 6.1 Fighting
 + Level 4.9 Throwing
 + Level 5.3 Dodging
 - Level 1.0 Stealth
 * Level 6.8 Shields
 - Level 8.4 Unarmed Combat
 + Level 6.0 Invocations


You had 9 spell levels left.
You didn't know any spells.

Dungeon Overview and Level Annotations

Branches:
Dungeon (10/15)            Temple (1/1) D:4            Lair (1/6) D:8
    Orc: D:9-12

Altars:
Ashenzari
Cheibriados
Dithmenos
Elyvilon
Fedhas
Gozag
Hepliaklqana
Kikubaaqudgha
Makhleb
Nemelex Xobeh
Okawaru
Qazlal
Ru
Sif Muna
Trog
Uskayaw
Vehumet
Wu Jian
Xom
Yredelemnul
Zin
The Shining One


Innate Abilities, Weirdness & Mutations

You are too large for most types of armour.
You have claws for hands.
Your metabolism is lightning-fast.
You like to eat raw meat.
Your natural rate of healing is unusually fast.
You are covered in fur. (AC +1)
You have very tough skin. (AC +2)


Message History

Press: ? - help, Shift-Dir - straight line, f - centaur warrior
Aim: a centaur warrior, wielding a shortbow The mass of ice explodes!
The iceblast engulfs the centaur warrior.
The centaur warrior is lightly wounded.
The iceblast engulfs the ogre.
The ogre is heavily wounded.
You hear a shout! x2
The centaur warrior shoots an arrow.
The arrow hits you!
The centaur warrior unwields an uncursed shortbow.
The centaur warrior hits you!
* * * LOW HITPOINT WARNING * * *
The centaur warrior barely misses you. The centaur warrior hits you!
* * * LOW HITPOINT WARNING * * *
A worker ant comes into view.
You see here an arrow.
You barely miss the centaur warrior.
The centaur warrior is lightly wounded.
The centaur warrior hits you.
You die...

################ #...............
#.############## #.# #..........#
###########.# #..........'
#......)....###.....><...#
#.......###...#..........# .
#.......###.##########'### ..#
##.......(@cO# #.... #...
#........###a####### #..#.
#.#..##<.......#.#††...... #....
.........#.......#{....... ....##
≈≈≈..##.##.###.#............<....
≈≈#..##.##.###.#.#.....###.#.####
≈≈≈............$.#.#.........
≈≈≈≈≈≈#.!#.........#.........
≈≈≈≈≈≈≈≈.....#...#.........##


You could see a centaur warrior, an ogre and a worker ant.

Vanquished Creatures
  An unseen horror (D:10)
  A spiny frog (D:8)
  2 trolls
  3 slime creatures (D:10)
  A hippogriff (Lair:1)
  A shadow (D:10)
  6 yaks (D:9)
  A steam dragon (D:7)
  3 hungry ghosts
  A soldier ant (D:10)
  2 ice beasts
  3 orc warriors
  2 sky beasts
  An eye of draining (D:9)
  A necrophage (D:6)
  A black bear (D:9)
  A centaur (D:9)
  A wolf (Lair:1)
  A crocodile (Lair:1)
  5 bullfrogs
  2 gnoll sergeants (D:6)
  A wyvern skeleton (D:7)
  A water moccasin skeleton (D:8)
  2 scorpions
  6 killer bees
  2 howler monkeys
  2 electric eels (D:10)
  2 crimson imps
  3 jellies
  A bullfrog zombie (D:9)
  3 centaur skeletons
  2 hounds (D:9)
  7 orc priests
  2 bullfrog skeletons (D:9)
  Jessica (D:2)
  3 iguanas
  2 orc wizards (D:9)
  5 worker ants
  2 worker ant zombies
  14 gnolls
  7 adders
  A hound simulacrum (D:10)
  3 shadow imps
  3 adder skeletons
  5 worms
  A dart slug (D:1)
  8 leopard geckos
  15 orcs
  7 bats
  6 giant cockroaches
  7 goblins
  9 hobgoblins
  8 jackals
  9 quokkas
  A ball python zombie (D:5)
  6 frilled lizards
  10 kobolds
  7 rats
  A plant (D:4)
215 creatures vanquished.

Vanquished Creatures (others)
  A hound skeleton (D:10)
  A worker ant zombie (D:10)
2 creatures vanquished.

Grand Total: 217 creatures vanquished

Notes
Turn   | Place    | Note
-------+----------+-------------------------------------------
     0 | D:1      | varam the Troll Monk began the quest for the Orb.
     0 | D:1      | Reached XP level 1. HP: 22/22 MP: 0/0
   237 | D:1      | Reached XP level 2. HP: 15/29 MP: 1/1
   294 | D:1      | Reached skill level 4 in Unarmed Combat
   316 | D:1      | Reached XP level 3. HP: 27/36 MP: 2/2
   910 | D:4      | Reached skill level 5 in Unarmed Combat
   910 | D:4      | Reached XP level 4. HP: 44/44 MP: 3/3
   991 | D:5      | Entered Level 5 of the Dungeon
  1005 | D:5      | Reached XP level 5. HP: 41/50 MP: 4/4
  1035 | D:5      | Reached skill level 6 in Unarmed Combat
  1089 | D:5      | Noticed an ice beast
  1108 | D:5      | Killed an ice beast
  1108 | D:5      | Reached skill level 7 in Unarmed Combat
  1108 | D:5      | Reached XP level 6. HP: 20/59 MP: 5/5
  1217 | D:2      | Noticed Jessica
  1223 | D:2      | Killed Jessica
  1467 | D:2      | Noticed an angel
  1469 | D:2      | Found a shimmering altar of Xom.
  1470 | D:2      | Found a glowing silver altar of Zin.
  1643 | D:2      | You fall through a shaft for 2 floors!
  1692 | D:4      | Found a hazy altar of Hepliaklqana.
  1705 | D:4      | Noticed a hungry ghost
  1713 | D:4      | Killed a hungry ghost
  1713 | D:4      | Reached skill level 8 in Unarmed Combat
  1713 | D:4      | Reached XP level 7. HP: 66/66 MP: 6/6
  1930 | D:3      | Found a blossoming altar of Fedhas.
  2348 | D:3      | Found a deep blue altar of Sif Muna.
  2520 | D:3      | Found a sacrificial altar of Ru.
  2589 | D:4      | Found an ornate altar of the Wu Jian Council.
  2601 | D:4      | Found a staircase to the Ecumenical Temple.
  2629 | Temple   | Entered the Ecumenical Temple
  2665 | Temple   | Became a worshipper of Cheibriados the Contemplative
  2665 | Temple   | Reached * piety under Cheibriados
  2665 | Temple   | Reached ** piety under Cheibriados
  2881 | D:3      | Found a white marble altar of Elyvilon.
  4063 | D:5      | Got a vibrating brass amulet
  4079 | D:5      | Found a stormy altar of Qazlal.
  4301 | D:5      | Identified the amulet "Lyleytsast" {Inacc Fragile +Blink Dex+6} (You found it on level 5 of the Dungeon)
  4474 | D:6      | Found a shattered altar of Ashenzari.
  4495 | D:6      | Reached skill level 1 in Throwing
  4495 | D:6      | Reached skill level 1 in Invocations
  4765 | D:7      | Reached skill level 3 in Fighting
  4765 | D:7      | Reached skill level 3 in Dodging
  4847 | D:7      | Reached skill level 2 in Invocations
  4847 | D:7      | Reached XP level 8. HP: 75/75 MP: 8/8
  4883 | D:6      | Reached *** piety under Cheibriados
  4883 | D:6      | Reached skill level 2 in Throwing
  5338 | D:7      | Reached skill level 1 in Shields
  5367 | D:7      | Reached skill level 3 in Throwing
  5367 | D:7      | Reached skill level 3 in Invocations
  5370 | D:7      | Reached **** piety under Cheibriados
  5375 | D:7      | Reached skill level 4 in Fighting
  5424 | D:7      | Reached skill level 4 in Dodging
  5494 | D:7      | Reached skill level 2 in Shields
  5598 | D:7      | Reached XP level 9. HP: 85/85 MP: 10/10
  6010 | D:8      | Found a staircase to the Lair.
  6023 | D:8      | Reached skill level 3 in Shields
  6116 | D:8      | Reached skill level 4 in Invocations
  6132 | D:8      | Found an opulent altar of Gozag.
  6480 | D:9      | Reached skill level 4 in Shields
  6617 | D:9      | Noticed a troll
  6629 | D:9      | Killed a troll
  6629 | D:9      | Reached skill level 5 in Fighting
  6798 | D:9      | Reached skill level 5 in Shields
  6833 | D:9      | Reached skill level 5 in Invocations
  6840 | D:9      | Reached ***** piety under Cheibriados
  6846 | D:9      | Reached XP level 10. HP: 84/96 MP: 12/12
  7006 | D:9      | Reached skill level 4 in Throwing
  7396 | D:10     | Entered Level 10 of the Dungeon
  7667 | Lair:1   | Entered Level 1 of the Lair of Beasts
  7667 | Lair:1   | Noticed a spiny frog
  7689 | D:8      | Killed a spiny frog
  7950 | D:10     | Reached skill level 6 in Shields
  8039 | D:10     | Reached skill level 5 in Dodging
  8039 | D:10     | Killed an unseen horror
  8039 | D:10     | Reached skill level 6 in Fighting
  8052 | D:10     | Noticed a centaur warrior
  8057 | D:10     | HP: 1/98 [troll (16)]
  8061 | D:10     | Reached skill level 6 in Invocations
  8063 | D:10     | HP: 2/98 [centaur warrior (14)]
  8064 | D:10     | Slain by a centaur warrior

Vault maps used:
D:1:      sevenhm_arrival_forest_fort_small_3
D:2:      grunt_temple_overflow_order_and_chaos_1, first_ration, uniq_jessica
D:3:      mumra_celtic_spiral_tile, old_standard_altar, hangedman_ru_absence,
          marbit_many_paths, fedhas_altar_3
D:4:      nicolae_overflow_crystal_walls, minmay_temple_entry_overgrown,
          lemuel_statue_altar
D:5:      lemuel_coloured_pillars_altar, sigmund_army
D:6:      ashenzari_conservatory_becter
D:8:      lemuel_crystal_altar, lair_entry_dummy
D:10:     minmay_the_grid_square_5x5_4x4
Temple:   oiseaux_autumnal_temple
Lair:1:   fungi_pond_lemuel

Skill      XL: |  1  2  3  4  5  6  7  8  9 10 |
---------------+-------------------------------+-----
Unarmed Combat | 4 5 7 8 |  8.4
Throwing       | 1 3 4 |  4.9
Invocations    | 2 3 5 6 |  6.0
Fighting       | 3 4 5 6 |  6.1
Dodging        | 3 4 5 |  5.3
Shields        | 2 5 6 |  6.8
Stealth        | |  1.0

Action                   |  1- 3 |  4- 6 |  7- 9 | 10-12 || total
-------------------------+-------+-------+-------+-------++-------
Melee: Unarmed           |    76 |    95 |   329 |    84 ||   584
       Punch             |     1 |     1 |     9 |       ||    11
Throw: Tomahawk          |       |       |     8 |     1 ||     9
       Throwing net      |       |       |     2 |       ||     2
Invok: Bend Time         |       |       |     4 |     4 ||     8
       Slouch            |       |       |       |     2 ||     2
Evoke: Wand              |       |       |     6 |     1 ||     7
  Use: Scroll            |       |       |     1 |     8 ||     9
       Potion            |       |       |       |     3 ||     3
 Stab: Sleeping          |     1 |       |    12 |     1 ||    14
       Distracted        |       |       |     1 |       ||     1
  Eat: Chunk             |    14 |     7 |    44 |    10 ||    75
Armor: Robe              |    20 |    27 |    58 |    10 ||   115
Dodge: Dodged            |    38 |    52 |   184 |    41 ||   315
Block: Shield            |       |       |    59 |    52 ||   111

Table legend:
 A = Spawn XP
 B = Non-spawn XP
 C = Spawn XP percentage of total XP
 D = Spawn monster count
 E = Non-spawn monster count
 F = Spawn count percentage of total count
 G = Total turns spent on level
                    A         B        C        D         E        F      G
               +---------+---------+-------+---------+---------+-------+---------
         Total |       0 |   10162 |   0.0 |       0 |     214 |   0.0 |  8064
               +---------+---------+-------+---------+---------+-------+---------
           D:1 |       0 |      51 |   0.0 |       0 |      23 |   0.0 |   796
           D:2 |       0 |     104 |   0.0 |       0 |      19 |   0.0 |   688
           D:3 |       0 |     135 |   0.0 |       0 |      22 |   0.0 |  1151
           D:4 |       0 |     335 |   0.0 |       0 |      11 |   0.0 |   626
           D:5 |       0 |     366 |   0.0 |       0 |      20 |   0.0 |  1024
           D:6 |       0 |     830 |   0.0 |       0 |      27 |   0.0 |   726
           D:7 |       0 |    1199 |   0.0 |       0 |      24 |   0.0 |   761
           D:8 |       0 |     938 |   0.0 |       0 |      14 |   0.0 |   596
           D:9 |       0 |    2836 |   0.0 |       0 |      30 |   0.0 |  1279
          D:10 |       0 |    2899 |   0.0 |       0 |      21 |   0.0 |   191
        Lair:1 |       0 |     469 |   0.0 |       0 |       3 |   0.0 |    18
               +---------+---------+-------+---------+---------+-------+---------
